 Dungeon Crawl Stone Soup version 0.28-a0-1339-ga5422284a4 (webtiles) character file.

Game seed: 1693549529346847166

94995 rogsnak the Eclecticist (level 15, -2/105 HPs)
             Began as a Demonspawn Air Elementalist on Dec 28, 2021.
             Was a High Priest of Sif Muna.
             Engulfed by a cloud of freezing vapour (29 damage)
             ... on level 2 of the Swamp on Dec 29, 2021.
             The game lasted 01:36:20 (33503 turns).

rogsnak the Eclecticist (DsAE)                     Turns: 33503, Time: 01:36:21

Health: -2/105     AC: 13    Str: 14    XL:     15   Next: 65%
Magic:  0/44       EV: 13    Int: 21    God:    Sif Muna [*****.]
Gold:   1434       SH:  5    Dex: 17    Spells: 14/47 levels left

rFire   + . .      SeeInvis .   r - +9 flail of Conformity {freeze, rElec rF+}
rCold   . . .      Faith    .   I - +0 buckler
rNeg    . . .      Spirit   +   y - +1 ring mail of the Bells {rElec Will+ Str+4 Int-2}
rPois   +          Reflect  .   K - +1 hat
rElec   +          Harm     .   (cloak unavailable)
rCorr   .          Rampage  +   (no gloves)
Will    ++...                   a - +2 pair of boots "Weryawy" {Dex+4}
Stlth   +.........              W - amulet "Mugit" {Rampage +Blink +Inv rPois Regen+}
HPRegen 1.07/turn               R - ring of wizardry
MPRegen 0.58/turn               m - ring of magical power

@: no status effects
A: ignite blood 1, magic shield, magic regeneration, magic link, sharp scales 2,
weakness stinger 3
a: Renounce Religion, Evoke Blink, Evoke Invisibility, Channel Magic, Forget
Spell, Divine Exegesis


You were on level 2 of the Swamp.
You worshipped Sif Muna.
Sif Muna was extremely pleased with you.
You visited 5 branches of the dungeon, and saw 24 of its levels.
You also visited: Gauntlet.

You collected 2096 gold pieces.
You spent 662 gold pieces at shops.

Inventory:

Hand Weapons
 c - the +10 dire flail of Ter Telaf {elec, Int+2}
   (You took it off a minotaur in a Gauntlet)

   It occasionally discharges a powerful burst of electricity upon striking a
   foe.
   Int:       It affects your intelligence (+2).
 q - the +3 dire flail of the Maze {vorpal, *Slow rF+ rN+ Will+}
   (You found it in a Gauntlet)

   It inflicts extra damage upon your enemies.
   rF:        It protects you from fire.
   rN:        It protects you from negative energy.
   *Slow:     It may slow you when you take damage.
   Will:      It increases your willpower.
 r - the +9 flail of Conformity (weapon) {freeze, rElec rF+}
   (You took it off an orc on level 3 of the Dungeon)

   It freezes those it strikes, dealing additional cold damage.
   It can also slow down cold-blooded creatures.
   rF:        It protects you from fire.
   rElec:     It insulates you from electricity.
 J - a +2 whip of venom
Missiles
 d - 3 silver javelins
 g - 94 poisoned darts
 H - 3 boomerangs of dispersal
Armour
 a - the +2 pair of boots "Weryawy" (worn) {Dex+4}
   (You found it in a Gauntlet)

   Dex:       It affects your dexterity (+4).
 y - the +1 ring mail of the Bells (worn) {rElec Will+ Str+4 Int-2}
   (You found it in a Gauntlet)

   Str:       It affects your strength (+4).
   Int:       It affects your intelligence (-2).
   rElec:     It insulates you from electricity.
   Will:      It increases your willpower.
 I - a +0 buckler (worn)
 K - a +1 hat (worn)
 P - a +2 leather armour of fire resistance
 T - a +2 robe of cold resistance
Jewellery
 m - a ring of magical power (right hand)
 s - an amulet of magic regeneration
 R - a ring of wizardry (left hand)
 S - a ring of ice
 W - the amulet "Mugit" (around neck) {Rampage +Blink +Inv rPois Regen+}
   (You bought it in a shop on level 1 of the Orcish Mines)

   [amulet of regeneration]

   rPois:     It protects you from poison.
   +Inv:      It lets you turn invisible.
   +Blink:    It lets you blink.
   Regen:     It increases your rate of health regeneration.
   Rampage:   It bestows one free step when moving towards enemies.
Wands
 i - a wand of digging (9)
 n - a wand of paralysis (4)
 w - a wand of charming (11)
 A - a wand of iceblast (31)
 C - a wand of acid (15)
 F - a wand of polymorph (5)
 Y - a wand of mindburst (7)
Scrolls
 b - 4 scrolls of blinking
 f - 7 scrolls of enchant armour {unknown}
 j - a scroll of acquirement
 o - 8 scrolls of teleportation
 u - 2 scrolls of fog {unknown}
 v - 2 scrolls of noise {unknown}
 x - 2 scrolls of amnesia
 z - 3 scrolls of vulnerability {unknown}
 B - a scroll of torment
 D - a scroll of immolation
 G - 2 scrolls of silence {unknown}
 M - 3 scrolls of fear {unknown}
 N - a scroll of summoning
 O - 4 scrolls of magic mapping {unknown}
 Q - 2 scrolls of identify
 X - 3 scrolls of brand weapon
Potions
 e - 7 potions of curing {unknown}
 h - 6 potions of attraction {unknown}
 k - a potion of resistance
 l - 2 potions of ambrosia {unknown}
 p - a potion of might
 t - 3 potions of lignification {unknown}
 E - a potion of brilliance
 L - 2 potions of flight
 U - 2 potions of magic
 V - 3 potions of mutation
 Z - 2 potions of heal wounds


   Skills:
 + Level 6.0 Fighting
 + Level 4.4 Armour
 + Level 5.6 Dodging
 - Level 2.0 Stealth
 + Level 2.0 Shields
 + Level 16.6 Spellcasting
 * Level 10.6 Conjurations
 + Level 0.6 Fire Magic
 + Level 15.1 Air Magic
 + Level 2.4 Earth Magic
 + Level 2.1 Evocations


You had 14 spell levels left.
You knew the following spells:

 Your Spells              Type           Power      Damage    Failure   Level
a - Shock                 Conj/Air       100%       1d9       1%          1
b - Swiftness             Air            69%        N/A       1%          3
c - Airstrike             Air            34%        N/A       1%          4
d - Mephitic Cloud        Conj/Pois/Air  52%        N/A       1%          3
e - Stone Arrow           Conj/Erth      90%        3d12      1%          3
f - Flame Wave            Conj/Fire      41%        2d8       3%          4
g - Iskenderun's Battles  Conj           58%        2d11      1%          5
h - Lightning Bolt        Conj/Air       32%        1d49      1%          5
i - Freezing Cloud        Conj/Ice/Air   26%        6-21      2%          5

Your spell library contained the following spells:

 Spells                   Type           Power      Damage    Failure   Level
 Foxfire                  Conj/Fire      100%       2x1d9     1%          1
 Sandblast                Erth           54%        2d13      1%          1
 Static Discharge         Conj/Air       64%        N/A       1%          2
 Conjure Flame            Conj/Fire      41%        6-21      1%          3
 Animate Skeleton         Necr           34%        N/A       3%          1
 Freeze                   Ice            68%        1d8       3%          1
 Pain                     Necr           68%        1d7       3%          1
 Fulminant Prism          Conj/Hex       19%        3d11      3%          4
 Hailstorm                Conj/Ice       39%        3d9       3%          4
 Sticky Flame             Conj/Fire      41%        2d6       3%          4
 Ensorcelled Hibernation  Hex/Ice        34%        N/A       4%          2
 Inner Flame              Hex/Fire       18%        N/A       9%          3
 Frozen Ramparts          Ice            34%        1d5       10%         3
 Tukima's Dance           Hex            17%        N/A       10%         3
 Vampiric Draining        Necr           17%        2d7       10%         3
 Dispel Undead            Necr           17%        3d10      32%         4
 Orb of Destruction       Conj           29%        9d11      32%         7
 Borgnjor's Vile Clutch   Necr/Erth      11%        N/A       45%         5
 Agony                    Necr           17%        N/A       63%         5
 Excruciating Wounds      Necr           8%         N/A       63%         5
 Lehudib's Crystal Spear  Conj/Erth      22%        10d6      100%        8
 Chain Lightning          Conj/Air       32%        3d42      100%        9
 Shatter                  Erth           13%        3d14*     100%        9


Dungeon Overview and Level Annotations

Branches:
Dungeon (13/15)            Temple (1/1) D:5            Lair (6/6) D:10
  Swamp (2/4) Lair:2       Spider (0/4) Lair:4        Slime (0/5) Lair:6
    Orc (2/2) D:9             Elf (0/3) Orc:2       Gauntlet (visited)
 Vaults: D:13-14

Altars:
Ashenzari
Cheibriados
Dithmenos
Elyvilon
Fedhas
Gozag
Hepliaklqana
Makhleb
Nemelex Xobeh
Okawaru
Qazlal
Ru
Sif Muna
Trog
Vehumet
Wu Jian
Zin
The Shining One

Shops:
D:8 *   Orc:1 =   Orc:2 **(?[

Annotations:
D:6 water cache


Innate Abilities, Weirdness & Mutations

Your demonic aura sometimes causes spilled blood to erupt in flames.
When hurt, damage is shared between your health and your magic reserves.
You regenerate magic rapidly.
When low on magic, you restore magic in place of health.
You are mostly covered in razor-sharp scales. (AC +2, Slay +2)
You have a sharp stinger which inflicts weakening toxins.


Message History

The alligator tail-slaps you!
The tyrant leech bites your battlesphere!!
Your battlesphere is destroyed!
Unknown command.
Casting: Stone Arrow (safe; 1% risk of failure)
Confirm with . or Enter, or press ? or * to list all spells.
Casting: Flame Wave (dangerous; 3% risk of failure)
Press: ? - help, Dir - look around, f - activate A wave of flame ripples out!
The flame wave engulfs the alligator.
You kill the alligator!
Sif Muna accepts your kill.
You hear a sizzling sound!
The flame wave engulfs the four-headed hydra.
The four-headed hydra is almost dead. (Press . to intensify the flame waves.)
The swamp worm fires a harpoon shot at you.
The harpoon shot hits you but does no damage.
The four-headed hydra is engulfed in a cloud of scalding steam.
You kill the four-headed hydra!
Sif Muna accepts your kill.
The swamp worm fires a harpoon shot at you.
The harpoon shot hits you!
* * * LOW HITPOINT WARNING * * *
You are yanked forward by the harpoon shot.
Unknown command.
Unknown command.
Unknown command.
Casting: Flame Wave (dangerous; 3% risk of failure)
Confirm with . or Enter, or press ? or * to list all spells.
Casting: Flame Wave (dangerous; 3% risk of failure)
Press: ? - help, Dir - look around, f - activate A wave of flame ripples out!
The flame wave engulfs the swamp worm.
The swamp worm is moderately wounded.
You hear a sizzling sound! x2
The flame wave engulfs the tyrant leech.
The tyrant leech is heavily wounded.
You hear a sizzling sound! (Press . to intensify the flame waves.)
You are engulfed in freezing vapours.
You die...

♣≈≈≈.....≈♣♣ ♣♣≈≈♣♣♣♣≈≈♣
♣♣♣♣ ♣≈.♣ ♣♣♣♣♣ ♣♣♣♣
♣♣>.≈♣♣ ♣♣♣♣♣ ≈ ♣≈≈≈.≈♣♣
♣♣...♣ ≈≈≈ ♣♣≈§§§§.♣♣♣
♣≈...♣
≈≈≈.♣♣..w≈§≈..≈♣♣♣♣.≈.≈≈
≈≈≈.≈≈.@§§§≈†≈≈≈≈≈♣≈§.≈♣
≈≈≈♣≈≈w≈≈§§≈≈.≈≈.≈.≈§[≈≈
≈...≈≈§§☼§.†.........≈≈≈
.≈≈.≈≈..†..♣♣♣♣♣♣≈≈≈≈≈≈≈
...≈......≈.. ♣..≈≈.>.
≈...≈≈≈≈≈♣...♣ ♣≈.§..≈.
♣..≈≈≈≈≈.....♣ ♣♣.≈.≈♣♣
....≈≈≈..≈...♣ ♣≈..♣♣
≈≈..!..≈....≈≈ ♣♣≈.♣


You could see a tyrant leech and a swamp worm.

Vanquished Creatures
  A tentacled monstrosity (Swamp:1)
  Rupert (Lair:6)
  Gastronok (D:9)
  2 eleionomae
  A minotaur (Gauntlet)
  Josephine (Orc:1)
  14 hydras
  4 ogre magi (Orc:2)
  A ghost crab (Swamp:2)
  Fannar (Orc:1)
  A boulder beetle (Lair:6)
  4 alligators
  A death scarab (Gauntlet)
  17 two-headed ogres
  2 death yaks (Lair:6)
  The ghost of Rem the Skirmisher, a novice OpFE of Okawaru (D:8)
  3 goliath frogs
  2 bog bodies (Lair:2)
  2 spriggan druids
  An orb spider (Lair:4)
  2 swamp dragons (Swamp:2)
  A spectral hydra (Gauntlet)
  Pikel (D:8)
  A lindwurm (Lair:4)
  2 ugly things
  A cyclops (D:12)
  A manticore (D:11)
  16 elephants
  2 torpor snails
  5 black mambas
  14 cane toads
  A rime drake (Lair:5)
  8 komodo dragons
  A bloated husk (Swamp:2)
  5 polar bears
  5 tyrant leeches
  9 hornets
  3 trolls
  22 blink frogs
  17 dream sheep
  18 spriggans
  2 shadows
  7 wraiths
  Sigmund (D:6)
  5 wyverns
  54 yaks
  2 vampires (D:12)
  5 basilisks
  4 vampire mosquitoes (Swamp:2)
  3 swamp worms
  An acid dragon (D:10)
  A warg (Orc:1)
  15 water moccasins
  2 sky beasts
  10 orc warriors
  An ice beast (D:4)
  9 black bears
  22 ogres
  31 wolves
  4 boggarts (Lair:6)
  A necrophage (D:7)
  2 phantoms
  A centaur (D:11)
  Blork the orc (D:6)
  2 kobold brigands
  15 bullfrogs
  2 gnoll sergeants
  4 scorpions
  2 water moccasin skeletons
  4 killer bees
  4 electric eels
  5 wights
  6 howler monkeys
  A gnoll shaman (D:4)
  8 orc priests
  A hound (D:7)
  A centaur skeleton (D:6)
  4 centaur zombies
  3 jellies
  4 iguanas
  17 orc wizards
  2 hound skeletons
  A howler monkey zombie (D:9)
  18 gnolls
  A howler monkey skeleton (D:7)
  8 adders
  A shadow imp (D:8)
  A white imp (D:6)
  An ufetubus (D:5)
  2 worms
  2 dart slugs
  80 orcs
  4 endoplasms
  2 giant cockroaches (D:2)
  7 goblins
  6 hobgoblins
  4 jackals (D:4)
  6 quokkas
  6 ball pythons
  3 bats
  3 frilled lizards
  16 kobolds
  8 rats
645 creatures vanquished.

Vanquished Creatures (others)
  A tyrant leech (Swamp:2)
  A vampire mosquito (Swamp:2)
  An orc warrior (Orc:1)
  A swamp drake (Swamp:2)
  3 bushes (Lair:4)
  59 fungi
  107 plants
173 creatures vanquished.

Grand Total: 818 creatures vanquished

Notes
Turn   | Place    | Note
-------+----------+-------------------------------------------
     0 | D:1      | rogsnak the Demonspawn Air Elementalist began the quest for
                  | the Orb.
     0 | D:1      | Reached XP level 1. HP: 13/13 MP: 3/3
   333 | D:1      | Gained mutation: You regenerate magic rapidly. [demonic
                  | ancestry]
   333 | D:1      | Reached XP level 2. HP: 19/19 MP: 3/5
  1023 | D:2      | Reached XP level 3. HP: 21/24 MP: 4/7
  1195 | D:2      | Reached skill level 3 in Spellcasting
  1303 | D:2      | Found a faded altar of an unknown god.
  1580 | D:2      | Found a blossoming altar of Fedhas.
  1670 | D:2      | Reached XP level 4. HP: 30/30 MP: 5/8
  1757 | D:2      | Learned a level 3 spell: Swiftness
  1762 | D:2      | Learned a level 4 spell: Airstrike
  2164 | D:3      | Found a bloodstained altar of Trog.
  2166 | D:3      | Found a shadowy altar of Dithmenos.
  2727 | D:3      | Identified the +9 flail of Conformity {freeze, rElec rF+}
  3180 | D:4      | Found a hazy altar of Hepliaklqana.
  3207 | D:4      | Gained mutation: You have a small tail. [demonic ancestry]
  3207 | D:4      | Reached XP level 5. HP: 35/35 MP: 4/10
  3239 | D:4      | Found a broken altar of Ashenzari.
  3286 | D:4      | Found a sacrificial altar of Ru.
  3407 | D:4      | Reached skill level 4 in Spellcasting
  3820 | D:4      | Found a radiant altar of Vehumet.
  4215 | D:4      | Gained mutation: Your demonic aura sometimes causes spilled
                  | blood to erupt in flames. [demonic ancestry]
  4215 | D:4      | Reached XP level 6. HP: 42/42 MP: 12/12
  5135 | D:5      | Entered Level 5 of the Dungeon
  5135 | D:5      | Noticed an ice beast
  5184 | D:5      | Noticed a water moccasin
  5186 | D:5      | Reached skill level 1 in Fighting
  5286 | D:5      | Reached skill level 5 in Spellcasting
  5286 | D:5      | Gained mutation: You have a tail ending in a sharp stinger.
                  | [demonic ancestry]
  5286 | D:5      | Reached XP level 7. HP: 48/48 MP: 9/14
  6093 | D:5      | Gained mutation: You are partially covered in razor-sharp
                  | scales. (AC +1, Slay +1) [demonic ancestry]
  6093 | D:5      | Reached XP level 8. HP: 48/54 MP: 12/16
  6153 | D:5      | Reached skill level 6 in Spellcasting
  6196 | D:5      | Identified the +3 scale mail "Benkaur" {Harm Str-2 Slay+6}
  6250 | D:5      | Found a staircase to the Ecumenical Temple.
  6259 | Temple   | Entered the Ecumenical Temple
  6289 | Temple   | Became a worshipper of Sif Muna the Loreminder
  6423 | D:5      | Found an iron altar of Okawaru.
  6679 | D:6      | Noticed Blork the orc
  6734 | D:6      | Reached skill level 5 in Conjurations
  6806 | D:6      | Reached skill level 5 in Air Magic
  7309 | D:6      | Noticed Sigmund
  7321 | D:6      | Killed Sigmund
  7322 | D:6      | Reached skill level 7 in Spellcasting
  7389 | D:6      | Killed Blork the orc
  7390 | D:6      | Reached XP level 9. HP: 33/62 MP: 4/19
  8149 | D:7      | Found a burning altar of Makhleb.
  9131 | D:8      | Reached * piety under Sif Muna
  9212 | D:8      | Noticed Pikel
  9230 | D:8      | Killed Pikel
  9231 | D:8      | Reached skill level 8 in Spellcasting
  9790 | D:8      | Found Viok's Demolitions Depot.
  9808 | D:8      | Found a runed translucent gate.
  9808 | D:8      | Found a runed translucent gate.
  9810 | D:8      | Found a runed translucent gate.
  9810 | D:8      | Noticed Rem's ghost (novice OpFE)
 10118 | D:8      | Killed Rem's ghost
 10119 | D:8      | Gained mutation: When hurt, damage is shared between your
                  | health and your magic reserves. [demonic ancestry]
 10119 | D:8      | Reached XP level 10. HP: 60/70 MP: 3/22
 10241 | D:8      | Reached skill level 9 in Spellcasting
 10546 | D:9      | Reached ** piety under Sif Muna
 10837 | D:9      | Noticed Gastronok
 11084 | D:9      | Found a staircase to the Orcish Mines.
 11489 | D:9      | Reached *** piety under Sif Muna
 11492 | D:9      | Noticed a two-headed ogre
 11496 | D:9      | Killed a two-headed ogre
 11577 | D:9      | Killed Gastronok
 11578 | D:9      | Reached skill level 10 in Spellcasting
 11861 | D:10     | Entered Level 10 of the Dungeon
 11872 | D:10     | Reached skill level 1 in Evocations
 11922 | D:10     | Reached XP level 11. HP: 48/76 MP: 14/25
 13119 | D:10     | Noticed a two-headed ogre
 13122 | D:10     | Found a snail-covered altar of Cheibriados.
 13141 | D:10     | Killed a two-headed ogre
 13421 | D:10     | Noticed a two-headed ogre
 13429 | D:10     | Killed a two-headed ogre
 13474 | D:10     | Reached skill level 11 in Spellcasting
 13524 | D:10     | Found a staircase to the Lair.
 13863 | D:11     | Reached skill level 10 in Air Magic
 14027 | D:11     | Noticed a two-headed ogre
 14031 | D:11     | Killed a two-headed ogre
 14480 | D:11     | Found an ornate altar of the Wu Jian Council.
 14578 | D:11     | Noticed a red ugly thing
 14603 | D:11     | Killed a red ugly thing
 14881 | D:12     | Noticed Erolcha
 14887 | D:12     | Noticed Erolcha
 14887 | D:12     | Erolcha changed into Erolcha the blink frog
 14891 | D:12     | Killed Erolcha the blink frog
 15103 | D:12     | Noticed a five-headed hydra
 15108 | D:12     | Killed a five-headed hydra
 15677 | D:12     | Noticed a two-headed ogre
 15693 | D:12     | Killed a two-headed ogre
 15694 | D:12     | Reached skill level 1 in Armour
 15694 | D:12     | Reached skill level 12 in Spellcasting
 15694 | D:12     | Gained mutation: You are mostly covered in razor-sharp
                  | scales. (AC +2, Slay +2) [demonic ancestry]
 15694 | D:12     | Reached XP level 12. HP: 84/84 MP: 11/28
 15830 | D:12     | Noticed a two-headed ogre
 15835 | D:12     | Killed a two-headed ogre
 16237 | D:13     | Noticed a boulder beetle
 16255 | D:13     | Noticed a boulder beetle
 16341 | Orc:1    | Entered Level 1 of the Orcish Mines
 16890 | Orc:1    | Found Ryobos's Jewellery Shoppe.
 17050 | Orc:1    | Noticed Fannar
 17063 | Orc:1    | Killed Fannar
 17225 | Orc:2    | Entered Level 2 of the Orcish Mines
 17234 | Orc:1    | Reached **** piety under Sif Muna
 17283 | Orc:2    | Noticed Josephine
 17369 | Orc:1    | Killed Josephine
 18019 | Orc:2    | Found Wisch's Armour Emporium.
 18045 | Orc:2    | Noticed a two-headed ogre
 18045 | Orc:2    | Noticed a two-headed ogre
 18045 | Orc:2    | Noticed a two-headed ogre
 18059 | Orc:2    | Killed a two-headed ogre
 18227 | Orc:2    | Killed a two-headed ogre
 18286 | Orc:2    | Killed a two-headed ogre
 18287 | Orc:2    | Reached skill level 13 in Spellcasting
 18335 | Orc:2    | Noticed a two-headed ogre
 18338 | Orc:2    | Killed a two-headed ogre
 18411 | Orc:2    | Noticed a two-headed ogre
 18415 | Orc:2    | Killed a two-headed ogre
 18565 | Orc:2    | Noticed a two-headed ogre
 18569 | Orc:2    | Killed a two-headed ogre
 18727 | Orc:2    | Found Ixumey's Magic Scroll Shop.
 18727 | Orc:2    | Found Rirhotai's Weapon Emporium.
 18731 | Orc:2    | Found Ennus's Assorted Antiques.
 18731 | Orc:2    | Found Onuc's Assorted Antiques.
 18732 | Orc:2    | Noticed an ogre mage
 18737 | Orc:2    | Paralysed by an ogre mage for 5 turns
 18742 | Orc:2    | Killed an ogre mage
 18754 | Orc:2    | Noticed an ogre mage
 18861 | Orc:2    | Noticed a two-headed ogre
 18865 | Orc:2    | Killed a two-headed ogre
 18922 | Orc:2    | Noticed an ogre mage
 18926 | Orc:2    | Killed an ogre mage
 19013 | Orc:2    | Noticed a two-headed ogre
 19017 | Orc:2    | Killed a two-headed ogre
 19018 | Orc:2    | Gained mutation: You have a sharp stinger which inflicts
                  | weakening toxins. [demonic ancestry]
 19018 | Orc:2    | Reached XP level 13. HP: 90/90 MP: 11/30
 19327 | Orc:2    | Paralysed by an ogre mage for 6 turns
 19456 | Orc:2    | Found a staircase to the Elven Halls.
 19694 | Lair:1   | Entered Level 1 of the Lair of Beasts
 19720 | Lair:1   | Reached skill level 14 in Spellcasting
 20725 | Lair:1   | You fall into a shaft and drop 1 floor!
 20737 | Lair:2   | Reached ***** piety under Sif Muna
 21087 | Lair:2   | Received a gift from Sif Muna
 21089 | Lair:2   | Got Sif Muna's Almanac of the Mountains and Blows and
                  | Bruises {god gift}
 21094 | Lair:2   | Learned a level 3 spell: Mephitic Cloud
 21098 | Lair:2   | Learned a level 3 spell: Stone Arrow
 22425 | Lair:2   | Found a staircase to the Swamp.
 23001 | Lair:3   | Reached skill level 1 in Shields
 23251 | Lair:3   | Found a gate leading to a gauntlet.
 23300 | Gauntlet | Entered a Gauntlet
 23300 | Gauntlet | Found a transporter.
 23300 | Gauntlet | Found a runed translucent door.
 23301 | Gauntlet | Found a runed translucent door.
 23307 | Gauntlet | Found a transporter.
 23310 | Gauntlet | Found a transporter.
 23311 | Gauntlet | Found a transporter.
 23320 | Gauntlet | Found a transporter.
 23322 | Gauntlet | Found a transporter.
 23323 | Gauntlet | Found a transporter.
 23331 | Gauntlet | Found a transporter.
 23334 | Gauntlet | Found a transporter.
 23335 | Gauntlet | Found a transporter.
 23346 | Gauntlet | Found a transporter.
 23346 | Gauntlet | Found a transporter.
 23347 | Gauntlet | Found a transporter.
 23355 | Gauntlet | Found a transporter.
 23764 | Gauntlet | HP: 4/87 [death yak (9)]
 23778 | Gauntlet | Identified a scroll of acquirement
 24030 | Gauntlet | Identified the amulet "Xuorut" {Acrobat Harm}
 24069 | Gauntlet | Reached skill level 5 in Fighting
 24081 | Gauntlet | Identified the +2 pair of boots "Weryawy" {Dex+4}
 24194 | Gauntlet | Identified the +10 dire flail of Ter Telaf {elec, Int+2}
 24194 | Gauntlet | Noticed a minotaur
 24218 | Gauntlet | Killed a minotaur
 24524 | Gauntlet | Identified the +1 ring mail of the Bells {rElec Will+ Str+4
                  | Int-2}
 24524 | Gauntlet | Identified the +3 dire flail of the Maze {vorpal, *Slow rF+
                  | rN+ Will+}
 25107 | Lair:4   | Found a hole to the Spider Nest.
 25109 | Lair:4   | Reached skill level 15 in Spellcasting
 25179 | Lair:4   | Reached skill level 5 in Dodging
 25179 | Lair:4   | Gained mutation: When low on magic, you restore magic in
                  | place of health. [demonic ancestry]
 25179 | Lair:4   | Reached XP level 14. HP: 98/98 MP: 33/33
 27008 | Lair:5   | Received a gift from Sif Muna
 27009 | Lair:5   | Got Pyuryidd's Reference Book on Combat Magic and
                  | Enchantment {god gift}
 28172 | Lair:6   | Entered Level 6 of the Lair of Beasts
 28178 | Lair:6   | Learned a level 4 spell: Flame Wave
 29385 | Lair:6   | Found a staircase to the Slime Pits.
 29545 | Lair:6   | Noticed Rupert
 30134 | Lair:6   | Reached skill level 1 in Earth Magic
 30346 | Lair:6   | Reached skill level 16 in Spellcasting
 30505 | Lair:6   | Reached XP level 15. HP: 97/105 MP: 9/35
 30616 | Lair:6   | Paralysed by Rupert for 7 turns
 31185 | Lair:6   | Got Tuned's Disquisition on Unholy Magic
 31262 | Lair:6   | Received a gift from Sif Muna
 31281 | Lair:6   | Got Ryghoshro's Grimoire of Attacks {god gift}
 31288 | Lair:6   | Learned a level 5 spell: Iskenderun's Battlesphere
 31294 | Lair:6   | Learned a level 5 spell: Lightning Bolt
 31300 | Lair:6   | Learned a level 5 spell: Freezing Cloud
 31329 | Lair:6   | Killed Rupert
 31721 | Lair:6   | Reached skill level 15 in Air Magic
 32280 | Orc:1    | Bought the amulet "Mugit" {Rampage +Blink +Inv rPois
                  | Regen+} for 662 gold pieces
 32423 | Swamp:1  | Entered Level 1 of the Swamp
 32457 | Swamp:1  | Noticed a tentacled monstrosity
 32474 | Swamp:1  | Killed a tentacled monstrosity
 32586 | Swamp:1  | Reached skill level 10 in Conjurations
 33503 | Swamp:2  | Engulfed by a cloud of freezing vapour

Illustrated notes

Levels and vault maps discovered:
D:1:      dpeg_arrival_three_bigger_balls, layout_basic,
          roderic_cross_of_infinity
D:2:      minmay_angry_zag, layout_basic, basic_altar,
          shapermc_ecumenical_altar_mp_vishouse
D:3:      layout_basic, mainiacjoe_overflow_large_starburst
D:4:      layout_loops_corners, mainiacjoe_overflow_brackets,
          lemuel_coloured_pillars_altar, mainiacjoe_overflow_catwalk_spiral,
          minivault_24
D:5:      layout_cave_pools, okawaru_gym_becter, lemuel_temple_firewalk_a
D:6:      layout_rooms, minivault_23, water_maze_lemuel, uniq_blork_the_orc,
          uniq_sigmund
D:7:      layout_loops_ring, makhleb_blood_cavern_becter
D:8:      layout_basic, ebering_ghost_rock_garden, nicolae_blasting_shop,
          palyth_stone_intersect, kennysheep_crisscross, minmay_misc_feat_chi,
          uniq_pikel
D:9:      layout_rooms, elyvilon_altar_1, hiddenorc2_lemuel, minmay_orc_keep,
          uniq_gastronok
D:10:     layout_cave_pools, kennysheep_slug_shrine, david_lair_generic
D:11:     layout_small_grid, nicolae_wu_jian_immortal_techniques
D:12:     layout_roguey, uniq_erolcha
D:13:     layout_layer_cave, david_vaults_2, nrook_campfire, bloody_trog
Temple:   nicolae_temple_hex_pool
Lair:1:   layout_gridlike
Lair:2:   layout_gridlike, skrybe_swamp_entry_bodies
Lair:3:   layout_chaotic_city, gauntlet_entry_generic
Lair:4:   layout_concentric_octagons, nicolae_spider_entry_orb_guardian,
          chequers_serial_rivers_micro_e, st_stairs_9, infiniplex_staircase_pool
Lair:5:   layout_hall_layers, wad_woods_river_01
Lair:6:   minmay_lair_end_enchanted_forest, layout_loops_ring, slime_dummy,
          uniq_rupert
Swamp:1:  layout_basic_swamp, evilmike_swamp_ruin_wall, swamp_pool1
Swamp:2:  layout_basic_swamp, evilmike_swamp_ruin_house_4
Orc:1:    layout_caves, serial_shops, shop_coins, uniq_fannar
Orc:2:    st_orc_ogre_mass, layout_caves, serial_shops, shop,
          nicolae_orc_stony_grotto, uniq_josephine

Skill      XL: |  1  2  3  4  5  6  7  8  9 10 11 12 13 14 15 |
---------------+----------------------------------------------+-----
Stealth        | 2 |  2.0
Dodging        | 2 3 4 5 |  5.6
Spellcasting   | 3 4 5 7 8 10 12 13 15 16 | 16.6
Conjurations   | 2 3 4 5 6 7 9 10 | 10.6
Air Magic      | 3 4 5 7 9 10 12 13 14 15 | 15.1
Fighting       | 1 2 3 4 5 6 |  6.0
Evocations     | 1 2 |  2.1
Armour         | 1 2 3 4 |  4.4
Shields        | 1 2 |  2.0
Earth Magic    | 1 2 |  2.4
Fire Magic     | |  0.6

Action                   |  1- 3 |  4- 6 |  7- 9 | 10-12 | 13-15 || total
-------------------------+-------+-------+-------+-------+-------++-------
Melee: Dagger            |    10 |    13 |       |       |       ||    23
       Flail             |       |    25 |    33 |   173 |   344 ||   575
       Falchion          |       |     1 |       |       |       ||     1
       Tailslap          |       |     2 |     2 |    16 |    46 ||    66
Throw: Dart              |       |       |       |       |     3 ||     3
 Cast: Shock             |    66 |   152 |   192 |   156 |    15 ||   581
       Airstrike         |       |     1 |    27 |   236 |   326 ||   590
       Swiftness         |       |       |       |     1 |     5 ||     6
       Mephitic Cloud    |       |       |       |       |    82 ||    82
       Stone Arrow       |       |       |       |       |   161 ||   161
       Flame Wave        |       |       |       |       |    11 ||    11
       Iskenderun's Batt |       |       |       |       |     6 ||     6
       Lightning Bolt    |       |       |       |       |     2 ||     2
       Freezing Cloud    |       |       |       |       |     1 ||     1
Evoke: Wand              |       |       |       |    17 |     5 ||    22
  Use: Scroll            |       |       |       |       |    16 ||    16
       Potion            |       |       |       |       |     2 ||     2
 Stab: Sleeping          |       |     2 |     1 |       |       ||     3
       Confused          |       |       |       |       |    16 ||    16
Armor: Robe              |     4 |    10 |    19 |    53 |       ||    86
       Leather armour    |       |       |       |    45 |   118 ||   163
       Ring mail         |       |       |       |       |    58 ||    58
Dodge: Dodged            |    14 |    36 |    49 |   161 |   360 ||   620
Block: Buckler           |       |       |       |    19 |    84 ||   103

Table legend: (Time is in decaauts)
 A = Elapsed time spent in this place.
 B = Non-inter-level travel time spent in this place.
 C = Inter-level travel time spent in this place.
 D = Time resting spent in this place.
 E = Time spent auto-exploring this place.
 F = Levels seen in this place.
 G = Mean time per level.
                   A        B        C        D        E       F      G
               +--------+--------+--------+--------+--------+-----+--------+
         Total |  34004 |  32959 |   1045 |  10020 |  14334 |  25 | 1360.2 |
       Dungeon |  17144 |  16523 |    621 |   4875 |   7511 |  13 | 1318.8 |
        Temple |     60 |     60 |      0 |      0 |      2 |   1 |   60.0 |
          Lair |  11140 |  10792 |    348 |   2942 |   5222 |   6 | 1856.7 |
         Swamp |   1166 |   1145 |     21 |    282 |    490 |   2 |  583.0 |
  Orcish Mines |   3256 |   3203 |     53 |   1093 |   1109 |   2 | 1628.0 |
      Gauntlet |   1235 |   1235 |      0 |    827 |      0 |   1 | 1235.0 |
               +--------+--------+--------+--------+--------+-----+--------+

Top non-repeatable levels by time:
  Lair:5: 2920 daAuts
  Lair:6: 2657 daAuts
     D:4: 2441 daAuts
     D:9: 2012 daAuts
     D:8: 1916 daAuts
   Orc:1: 1829 daAuts
  Lair:2: 1779 daAuts
  Lair:4: 1641 daAuts
    D:10: 1641 daAuts
    D:12: 1439 daAuts
   Orc:2: 1427 daAuts
     D:3: 1380 daAuts
  Lair:1: 1279 daAuts
Gauntlet: 1235 daAuts
     D:2: 1192 daAuts
